 Dungeon Crawl Stone Soup version 0.28.0-47-ge53b351184 (webtiles) character file.

Game seed: 15226917939420874147

159 RatsInWalls the Skirmisher (level 5, -2/43 HPs)
             Began as a Demonspawn Wanderer on May 9, 2022.
             Slain by an iguana (13 damage)
             ... on level 3 of the Dungeon.
             The game lasted 00:06:06 (3076 turns).

RatsInWalls the Skirmisher (Demonspawn Wanderer)    Turns: 3076, Time: 00:06:06

Health: -2/43      AC:  3    Str: 14    XL:     5   Next: 17%
Magic:  7/7        EV: 15    Int: 14    God:
Gold:   188        SH:  0    Dex: 12    Spells: 7/7 levels left

rFire   . . .      SeeInvis .   a - +1 mace
rCold   . . .      Faith    .   (no shield)
rNeg    . . .      Spirit   .   d - +0 leather armour
rPois   .          Reflect  .   (no helmet)
rElec   .          Harm     .   (no cloak)
rCorr   .          Rampage  .   (no gloves)
Will    .....                   (no boots)
Stlth   +.........              (no amulet)
HPRegen 0.14/turn               f - +4 ring of evasion
MPRegen 0.10/turn               (no ring)

@: no status effects
A: powered by death 1, powered by pain 1, demonic touch 2
a: no special abilities


You were on level 3 of the Dungeon.
You visited 1 branch of the dungeon, and saw 4 of its levels.

You collected 188 gold pieces.

Inventory:

Hand Weapons
 a - a +1 mace (weapon)
Armour
 d - a +0 leather armour (worn)
 g - a +0 ring mail
Jewellery
 f - a +4 ring of evasion (left hand)
Wands
 l - a wand of polymorph (2)
Scrolls
 e - a scroll of immolation {unknown}
 i - a scroll of identify {unknown}
 j - 2 scrolls of acquirement {unknown}
 k - a scroll of fog {unknown}
 m - a scroll of enchant weapon {unknown}
 n - a scroll of vulnerability {unknown}
Potions
 b - 2 potions of haste
 c - 3 potions of heal wounds
 h - a potion of lignification {unknown}


   Skills:
 + Level 4.5 Fighting
 + Level 2.6 Maces & Flails
 + Level 1.7 Armour
 + Level 1.8 Dodging
 - Level 1.0 Stealth
 - Level 2.6 Unarmed Combat
 + Level 1.7 Spellcasting


You had 7 spell levels left.
You didn't know any spells.
Your spell library contained the following spells:

 Spells                   Type           Power      Damage    Failure   Level
 Frozen Ramparts          Ice            2%         1d2       65%         3
 Freezing Cloud           Conj/Ice/Air   0%         6-21      100%        5
 Polar Vortex             Ice            0%         N/A       100%        9


Dungeon Overview and Level Annotations

Branches:
Dungeon (4/15)
 Temple: D:4-7

Altars:
Cheibriados
Fedhas

Annotations:
D:2 exclusion: necrophage


Innate Abilities, Weirdness & Mutations

You regenerate a little health from kills.
You sometimes gain a little power by taking damage.
Your touch may inflict irresistible damage on your foes.


Message History

Done waiting.
You climb downwards.
The orc closely misses you.
There is a stone staircase leading up here.
You hit the orc.
The orc is severely wounded.
The orc hits you with a +0 club.
An iguana comes into view.
The orc hits you but does no damage.
The iguana hisses angrily.
You hit the orc.
You kill the orc!
The orc wizard casts a spell at you. The magic dart hits you!
You barely miss the iguana. Your touch misses the iguana. The iguana bites you.
You hit the iguana.
The iguana is lightly wounded.
The iguana misses you.
You barely miss the iguana.
The iguana is lightly wounded.
The iguana misses you. The iguana barely misses you.
You climb upwards.
There is a stone staircase leading down here.
You hit the iguana but do no damage. Your touch misses the iguana.
The iguana is lightly wounded.
The iguana bites you! The iguana closely misses you.
You hit the iguana.
The iguana is moderately wounded.
The iguana bites you.
You hit the iguana but do no damage.
The iguana is moderately wounded.
The iguana misses you.
You hit the iguana but do no damage.
You touch the iguana.
The iguana is heavily wounded.
The iguana bites you.
* * * LOW HITPOINT WARNING * * *
You hit the iguana.
The iguana is severely wounded.
The iguana bites you!
You die...

...........##.#......#.####.#
...........##......#.#......#
...........##......#)########
...........##............#
...........##+#......###.#
.................#.....#.#
#....####<.......#####.#.#
#....# #.............<#.#
#.[..# #......l@####.##.#
#....# #......#.#.....#.#
≈....# #......#.#.#####.#
≈≈...# #......#.........#
≈≈...# #......###.#######
≈≈.### #####............#
≈..# #..........####.# ##.#
#..........'....# ##.#
#..........######


You could see an iguana.

Vanquished Creatures
  A scorpion (D:3)
  Ijyb (D:3)
  2 adders
  5 dart slugs
  2 orcs
  6 ball pythons
  3 endoplasms
  5 giant cockroaches
  A goblin (D:1)
  2 hobgoblins
  6 kobolds
  5 quokkas
  4 bats
  4 rats
47 creatures vanquished.

Notes
Turn   | Place    | Note
-------+----------+-------------------------------------------
     0 | D:1      | RatsInWalls the Demonspawn Wanderer began the quest for the
                  | Orb.
     0 | D:1      | RatsInWalls set off with the following items: a +1 mace, a
                  | potion of haste, a potion of heal wounds, a +0 leather
                  | armour
     0 | D:1      | Reached XP level 1. HP: 19/19 MP: 1/1
   262 | D:1      | Gained mutation: Your touch may inflict minor irresistible
                  | damage on your foes. [demonic ancestry]
   262 | D:1      | Reached XP level 2. HP: 23/25 MP: 2/2
   280 | D:1      | Got Tulak's Papyrus of the Glacier
   959 | D:2      | Noticed a necrophage
  1035 | D:2      | Reached skill level 1 in Dodging
  1035 | D:2      | Gained mutation: You regenerate a little health from kills.
                  | [demonic ancestry]
  1035 | D:2      | Reached XP level 3. HP: 13/30 MP: 4/4
  1383 | D:2      | Reached skill level 1 in Spellcasting
  1470 | D:2      | Reached skill level 1 in Armour
  1746 | D:3      | Noticed Ijyb
  1765 | D:3      | Killed Ijyb
  1976 | D:3      | Gained mutation: You sometimes gain a little power by
                  | taking damage. [demonic ancestry]
  1976 | D:3      | Reached XP level 4. HP: 38/38 MP: 5/5
  2010 | D:3      | Found a snail-covered altar of Cheibriados.
  2103 | D:3      | Noticed a scorpion
  2109 | D:3      | Killed a scorpion
  2354 | D:3      | Found a blossoming altar of Fedhas.
  2380 | D:3      | Gained mutation: Your touch may inflict irresistible damage
                  | on your foes. [demonic ancestry]
  2380 | D:3      | Reached XP level 5. HP: 38/43 MP: 7/7
  3076 | D:3      | Slain by an iguana

Illustrated notes

Levels and vault maps discovered:
D:1:      dpeg_arrival_yet_another_circle, layout_loops_ring
D:2:      layout_basic
D:3:      layout_basic, kennysheep_slug_shrine, fedhas_ov_isle_minmay,
          nicolae_overflow_hidden_temple, gup_sewer_entry_pipe, uniq_ijyb
D:4:      layout_rooms, lemuel_mausoleum_altar_kikubaaqudgha, okawaru_trees_1,
          minmay_temple_entry_antechambers

Skill      XL: |  1  2  3 |
---------------+----------+-----
Maces & Flails | 2 |  2.6
Dodging        | 1 |  1.8
Spellcasting   | 1 |  1.7
Armour         | 1 |  1.7
Fighting       | |  4.5
Stealth        | |  1.0
Unarmed Combat | |  2.6

Action                   |  1- 3 |  4- 6 || total
-------------------------+-------+-------++-------
Melee: Mace              |    84 |    67 ||   151
       Touch             |     4 |     9 ||    13
       Punch             |       |     1 ||     1
 Stab: Sleeping          |     1 |       ||     1
Armor: Leather armour    |    36 |     8 ||    44
       Skin              |    12 |       ||    12
Dodge: Dodged            |    45 |    47 ||    92
